[Event "Early-Titled-Tuesday-Blitz-May-07-2024"]
[Site "Chess.com"]
[Date "2024.05.07"]
[Round "10"]
[White "Elegance_Riks"]
[Black "Irishchessman16"]
[Result "1-0"]
[WhiteElo "2743"]
[BlackElo "2567"]
[TimeControl "180+1"]
[EndTime "10:01:27 PDT"]
[Termination "Elegance_Riks won by checkmate"]

1. b3 Nf6 2. Bb2 c5 3. Nf3 Nc6 4. c4 e6 5. e3 d5 6. d4 cxd4 7. exd4 Bb4+ 8. Nbd2 Ne4 9. a3 Be7 10. Bd3 f5 11. O-O O-O 12. Rc1 Bd7 13. cxd5 exd5 14. b4 Be6 15. Nb3 Kh8 16. Ne5 Nxe5 17. dxe5 f4 18. Nd4 Bc8 19. Qe2 f3 20. Nxf3 Bg4 21.
Bxe4 dxe4 22. Qxe4 Bxf3 23. gxf3 Qd2 24. Rc2 Qg5+ 25. Kh1 Rf4 26. Qxb7 Raf8 27. Rg1 Qh5 28. e6 Rg8 29. Rg3 Qf5 30. Qxe7 Qxc2 31. Bxg7+ Rxg7 32. Qxg7# 1-0

[Event "Early-Titled-Tuesday-Blitz-May-07-2024"]
[Site "Chess.com"]
[Date "2024.05.07"]
[Round "10"]
[White "th3d4rkness"]
[Black "rikchessmx"]
[Result "0-1"]
[WhiteElo "2214"]
[BlackElo "2383"]
[TimeControl "180+1"]
[EndTime "10:01:28 PDT"]
[Termination "rikchessmx won on time"]

1. e4 e5 2. Nf3 Nc6 3. d4 exd4 4. Bc4 Bc5 5. O-O d6 6. c3 dxc3 7. Nxc3 h6 8. Qb3 Qf6 9. Nd5 Qd8 10. Nc3 Qd7 11.
e5 dxe5 12. Rd1 Nd4 13. Nxd4 exd4 14. Ne4 Bb6 15. Be3 Qf5 16. Ng3 Qf6 17. Bd2 Ne7 18. a4 a5 19. Nh5 Qg6 20. Nf4 Qf5 21. Bd3 Qc5 22. Rac1 Qd6 23. Nh5 O-O 24. Bf4 Qd5 25.
Bc4 Qxh5 0-1

[Event "Early-Titled-Tuesday-Blitz-May-07-2024"]
[Site "Chess.com"]
[Date "2024.05.07"]
[Round "10"]
[White "2346PL"]
[Black "GothamChess"]
[Result "0-1"]
[WhiteElo "2533"]
[BlackElo "2702"]
[TimeControl "180+1"]
[EndTime "10:01:30 PDT"]
[Termination "GothamChess won on time"]

1. d4 a5 2. g3 Ra6 3. Bg2 h5 4. h4 Rc6 5. e4 g6 6. d5 Ra6 7. Qd4 Nf6 8. e5 Ng4 9. e6 f6 10. Be4 Rg8 11. exd7+ Qxd7 12. Ne2 Bg7 13. Bxg6+ Kf8 14.
Bxh5 f5 15. Qc4 Ne5 16. Qf4 Qxd5 17. O-O Rh6 18. Qxh6 Bxh6 19. Bxh6+ Rg7 20. Nbc3 Qc6 21. Rad1 Nbd7 22. Bxg7+ Kxg7 23. Nf4 Nf6 24. Be2 b6 25. Rfe1 Bb7 26. Ncd5 Qxc2 27. Nxf6 Kxf6 28. Nd3 Nf3+ 29. Bxf3 Bxf3 0-1

[Event "Early-Titled-Tuesday-Blitz-May-07-2024"]
[Site "Chess.com"]
[Date "2024.05.07"]
[Round "10"]
[White "Flaccidmoves"]
[Black "AnaKuchava"]
[Result "1-0"]
[WhiteElo "2379"]
[BlackElo "2203"]
[TimeControl "180+1"]
[EndTime "10:01:30 PDT"]
[Termination "Flaccidmoves won by checkmate"]

1. Nf3 d5 2. e3 c5 3. d4 Nf6 4. Bd3 Nc6 5. h3 e6 6. O-O Be7 7. Nbd2 O-O 8. b3 a6 9. Bb2 b5 10. dxc5 Bxc5 11. e4 dxe4 12. Nxe4 Be7 13. Qe2 Bb7 14.
Rad1 Nd5 15. Neg5 Bxg5 16. c4 Nf4 17. Bxh7+ Kxh7 18. Qe4+ f5 19. Rxd8 fxe4 20. Nxg5+ Kg6 21. Rd7 Kxg5 22. Rxg7+ Kh6 23. Rxb7 Rg8 24. g3 Nxh3+ 25. Kh2 Ng5 26. Rh1 e5 27. Kg2+ Kg6 28. Rb6 Rgc8 29. cxb5 axb5 30. Rc1 Rxa2 31. Rcxc6+ Rxc6 32. Rxc6+ Kf5 33. Bc1 Nf3 34. Kh3 Rxf2 35. g4# 1-0

[Event "Early-Titled-Tuesday-Blitz-May-07-2024"]
[Site "Chess.com"]
[Date "2024.05.07"]
[Round "10"]
[White "LileKoridze"]
[Black "Senn71"]
[Result "1-0"]
[WhiteElo "2385"]
[BlackElo "2230"]
[TimeControl "180+1"]
[EndTime "10:01:31 PDT"]
[Termination "LileKoridze won by resignation"]

1. d4 d5 2. c4 c6 3. Nf3 Nf6 4. e3 Bf5 5. Nc3 e6 6. Bd3 Bg6 7. Bxg6 hxg6 8. Qb3 Qc7 9. h3 Nbd7 10. Bd2 Bd6 11. Rc1 Rc8 12. cxd5 exd5 13. O-O a6 14. Nxd5 Nxd5 15. e4 Nf4 16. Rfe1 Be7 17. d5 c5 18. e5 Nxh3+ 19. gxh3 Rxh3 20. Kg2 Rh5 21. d6 Qc6 22. dxe7 Kxe7 23. e6 c4 24. exd7+ Kxd7 25. Qe3 Kc7 26. Qf4+ Qd6 27. Rxc4+ Kd7 28. Qxd6+ 1-0

[Event "Early-Titled-Tuesday-Blitz-May-07-2024"]
[Site "Chess.com"]
[Date "2024.05.07"]
[Round "10"]
[White "Gumugama"]
[Black "maurovargas01"]
[Result "1-0"]
[WhiteElo "2252"]
[BlackElo "1975"]
[TimeControl "180+1"]
[EndTime "10:01:31 PDT"]
[Termination "Gumugama won on time"]

1. e4 c5 2. Nf3 d6 3. d4 cxd4 4.
Nxd4 Nf6 5. Nc3 Nc6 6. Bg5 Qb6 7. Nb3 a5 8. a4 Nb4 9. Be3 Qd8 10. f3 Bd7 11. Qd2 g6 12. Nb5 Bg7 13. Qf2 O-O 14.
Bb6 Nxc2+ 15. Kd1 Qc8 16. Qxc2 Qxc2+ 17. Kxc2 Rac8+ 18. Nc3 e6 19. Rd1 d5 20. Kb1 Nh5 21.
Bxa5 Ra8 22. Bb5 Bc6 23. Bb4 Nf4 24. Bxf8 1-0

[Event "Early-Titled-Tuesday-Blitz-May-07-2024"]
[Site "Chess.com"]
[Date "2024.05.07"]
[Round "10"]
[White "stollenmonster"]
[Black "FairChess_on_YouTube"]
[Result "0-1"]
[WhiteElo "2925"]
[BlackElo "3087"]
[TimeControl "180+1"]
[EndTime "10:01:33 PDT"]
[Termination "FairChess_on_YouTube won by resignation"]

1. e4 c5 2. Nf3 e6 3. Be2 Nc6 4. c4 g5 5. h3 Bg7 6. Nc3 h6 7. d3 d6 8. Be3 Nd4 9. O-O Ne7 10. Ne1 Ng6 11. Nc2 Bd7 12. Bh5 Nf4 13. Bxf4 gxf4 14. Nxd4 Bxd4 15. Ne2 Be5 16. d4 cxd4 17. Nxd4 Rg8 18.
Nf3 Bc6 19. c5 Qf6 20. cxd6 O-O-O 21. Bxf7 Rg7 22. Bh5 Rdg8 23. Ne1 Qh4 24. Bg4 Rxg4 25. hxg4 Rxg4 26. Nf3 Qh3 27. Ne1 f3 28. d7+ Kd8 29. g3 Rxg3+ 0-1

[Event "Early-Titled-Tuesday-Blitz-May-07-2024"]
[Site "Chess.com"]
[Date "2024.05.07"]
[Round "10"]
[White "yaguigor"]
[Black "Cheer_Down"]
[Result "1-0"]
[WhiteElo "2585"]
[BlackElo "2472"]
[TimeControl "180+1"]
[EndTime "10:01:33 PDT"]
[Termination "yaguigor won by resignation"]

1. e4 e6 2. d4 d5 3. Nc3 Nf6 4. e5 Nfd7 5. f4 c5 6. Nf3 Nc6 7. Be3 cxd4 8. Nxd4 Bc5 9. Qd2 Bxd4 10. Bxd4 Nxd4 11.
Qxd4 Qb6 12. Qxb6 Nxb6 13. Nb5 Ke7 14. b3 Bd7 15. Nd4 f6 16. Kd2 fxe5 17. fxe5 Raf8 18. Re1 Rf2+ 19. Re2 Rhf8 20. Ke1 R2f4 21. c3 Rc8 22. g3 Rff8 23. Kd2 Be8 24. Bh3 Bh5 25. Rg2 Bf3 26.
Nxf3 Rxf3 27. Rc1 Nd7 28. Re2 Nc5 29. Bg2 Rf5 30. c4 Nd7 31. cxd5 Rxc1 32. Kxc1 exd5 33.
Bxd5 b6 34. Bg8 h6 35. e6 Ne5 36. Kc2 Nc6 37. Kb2 Rf8 38. Bf7 Nd8 39. Kc3 Nc6 40.
Rd2 Ne5 41. Re2 Nc6 42. Kb2 Nd4 43. Re4 Nc6 44. Rc4 Kd6 45. Rxc6+ Kxc6 1-0

[Event "Early-Titled-Tuesday-Blitz-May-07-2024"]
[Site "Chess.com"]
[Date "2024.05.07"]
[Round "10"]
[White "Alina_Gumerovna"]
[Black "kidagent"]
[Result "0-1"]
[WhiteElo "2186"]
[BlackElo "2360"]
[TimeControl "180+1"]
[EndTime "10:01:35 PDT"]
[Termination "kidagent won on time"]

1. e4 c6 2. d4 d5 3. e5 Bf5 4. h4 h5 5. Bd3 Bxd3 6. cxd3 e6 7. Bg5 Qb6 8. Ne2 Ne7 9. Nd2 Nf5 10.
Nb3 Bb4+ 11. Bd2 Nd7 12. Bxb4 Qxb4+ 13. Qd2 Qb6 14. Qg5 Qb4+ 15. Qd2 Qe7 16. Qg5 f6 17.
Qg6+ Qf7 18. Nf4 Qxg6 19. Nxg6 Rh6 20. Nf4 fxe5 21. dxe5 Nxe5 22. O-O-O Kf7 23. Nc5 b6 24. Nb3 c5 25. Rhe1 Nc6 26. g3 Nfd4 27. Kb1 Nxb3 28.
axb3 Nd4 29. Ka2 a5 30. Re5 a4 31. bxa4 Rxa4+ 32. Kb1 g6 33. Rde1 Nf3 34. Nxe6 Nxe5 35. Rxe5 Kf6 0-1

[Event "Early-Titled-Tuesday-Blitz-May-07-2024"]
[Site "Chess.com"]
[Date "2024.05.07"]
[Round "10"]
[White "viktorskliarov"]
[Black "Lestofante90"]
[Result "0-1"]
[WhiteElo "2679"]
[BlackElo "2977"]
[TimeControl "180+1"]
[EndTime "10:01:36 PDT"]
[Termination "Lestofante90 won by resignation"]

1. e4 c6 2. d4 d5 3. e5 Bf5 4.
Nf3 e6 5. Be2 Nd7 6. O-O a5 7.
a4 f6 8. Nh4 fxe5 9. Nxf5 exf5 10. dxe5 Nxe5 11. Re1 Bd6 12. f4 Nf7 13. Bd3+ Ne7 14.
Bxf5 O-O 15. Be6 Kh8 16. g3 Bc5+ 17. Kg2 Nd6 18. Nd2 Nef5 19. Nf3 Qf6 20. g4 Nh4+ 21. Nxh4 Qxh4 22. Rf1 Rae8 23. f5 Rxe6 24. Bg5 Qxg5 25. fxe6 Re8 26. Qf3 Nc4 27. h4 Ne3+ 28. Kh3 Qe7 29.
Rfe1 Qxe6 30. Re2 h5 0-1

[Event "Early-Titled-Tuesday-Blitz-May-07-2024"]
[Site "Chess.com"]
[Date "2024.05.07"]
[Round "10"]
[White "talaicito"]
[Black "kritipatel"]
[Result "1-0"]
[WhiteElo "2379"]
[BlackElo "2193"]
[TimeControl "180+1"]
[EndTime "10:01:36 PDT"]
[Termination "talaicito won by resignation"]

1. d4 d5 2. Nc3 Nf6 3. Bf4 a6 4. e3 e6 5. Nf3 Bd6 6. Bd3 O-O 7.
O-O c5 8. dxc5 Bxc5 9. e4 d4 10. Ne2 Nc6 11. a3 Nd7 12. Ng3 e5 13. Bd2 Nf6 14. b4 Bd6 15. Bg5 h6 16. Bh4 g5 17.
Nxg5 hxg5 18. Bxg5 Be7 19. f4 Bg4 20. Be2 Bxe2 21. Qxe2 Kg7 22. Nf5+ Kg6 23. Nxe7+ Qxe7 24. fxe5 Nxe5 25. Rxf6+ Qxf6 26. Bxf6 Kxf6 27. Rf1+ Ke6 28. Qf2 Rae8 29. Qxd4 Rd8 30. Qb6+ Rd6 31. Rf6+ Kxf6 32. Qxd6+ 1-0

[Event "Early-Titled-Tuesday-Blitz-May-07-2024"]
[Site "Chess.com"]
[Date "2024.05.07"]
[Round "10"]
[White "Aklan10n"]
[Black "ab-lsv"]
[Result "0-1"]
[WhiteElo "2224"]
[BlackElo "2381"]
[TimeControl "180+1"]
[EndTime "10:01:37 PDT"]
[Termination "ab-lsv won by resignation"]

1. e4 c6 2. d4 d5 3. exd5 cxd5 4. c4 Nf6 5. Nc3 Nc6 6. Nf3 a6 7. c5 Bg4 8. Be2 g6 9. Ne5 Bxe2 10. Nxe2 Nxe5 11. dxe5 Ne4 12. e6 fxe6 13. Kf1 Bg7 14. f3 Nxc5 15. Nf4 Qd6 16. h4 O-O 17. h5 Rxf4 18. Bxf4 Qxf4 19. hxg6 hxg6 20. Qc2 Qc4+ 21. Qxc4 dxc4 22. Rc1 b5 23. b3 Nd3 24. Rc2 Nb4 25. Re2 c3 26. a3 c2 27. Kf2 Nd3+ 28. Ke3 c1=Q+ 29. Rxc1 Nxc1 0-1

[Event "Early-Titled-Tuesday-Blitz-May-07-2024"]
[Site "Chess.com"]
[Date "2024.05.07"]
[Round "10"]
[White "PawnEatingZombie"]
[Black "RusPakhom"]
[Result "1-0"]
[WhiteElo "2235"]
[BlackElo "2324"]
[TimeControl "180+1"]
[EndTime "10:01:37 PDT"]
[Termination "PawnEatingZombie won by resignation"]

1. e4 c5 2. c3 d5 3. exd5 Qxd5 4. d4 Nf6 5. Nf3 Bg4 6. dxc5 Qxd1+ 7. Kxd1 e5 8. b4 e4 9. h3 Bh5 10. g4 Nxg4 11.
hxg4 Bxg4 12. Nd2 exf3 13. Bc4 Nc6 14. Re1+ Ne7 15. Kc2 O-O-O 16. Bxf7 Kb8 17. Nc4 Bf5+ 18. Kb2 Ng6 19. Bxg6 Bxg6 20. Bf4+ Kc8 21. a4 h5 22. a5 h4 23. a6 Bd3 24. Nb6+ axb6 25. a7 Kd7 26. Bb8 Be7 27. a8=Q Rxb8 28. Qa4+ b5 29. Qd1 Kc7 30. Qxd3 1-0

[Event "Early-Titled-Tuesday-Blitz-May-07-2024"]
[Site "Chess.com"]
[Date "2024.05.07"]
[Round "10"]
[White "Oleksandr_Bortnyk"]
[Black "praveenb2002"]
[Result "1-0"]
[WhiteElo "3054"]
[BlackElo "2857"]
[TimeControl "180+1"]
[EndTime "10:01:43 PDT"]
[Termination "Oleksandr_Bortnyk won by resignation"]

1. e4 c6 2. c4 d5 3. cxd5 cxd5 4. exd5 Nf6 5. Qa4+ Nbd7 6. Nc3 g6 7. Bc4 Bg7 8. d3 O-O 9. Nf3 a6 10. Qa3 b6 11.
O-O Bb7 12. Re1 Re8 13. Be3 b5 14. Bb3 Nb6 15. Bxb6 Qxb6 16. Qb4 Qd6 17. Qxd6 exd6 18. a3 Rxe1+ 19. Rxe1 Re8 20. Kf1 Kf8 21. Ng5 Rxe1+ 22. Kxe1 Ke7 23. Ke2 h6 24. Nf3 Nd7 25. d4 Nb6 26. Kd3 Bc8 27. Nd2 Bf5+ 28. Nde4 h5 29. f3 Bh6 30. Ne2 Bc8 31. h4 Bb7 32. N4c3 Bc8 33. g3 Bh3 34. f4 f5 35. Na2 Kd7 36.
Nb4 a5 37. Nc6 a4 38. Ba2 Nc8 39. Ke3 Bf1 40. Nc3 Kc7 41. Kf2 Bd3 42. Nb4 Bc4 43. Bxc4 bxc4 44. Nxa4 Bg7 45. Ke3 Ne7 46. Nc3 Kb6 47. a4 Bf6 48. Nc2 Ka5 49. Na3 Kb4 50. a5 Nc8 51. a6 Ka5 52. a7 Nxa7 53. Nxc4+ Kb4 54. Nxd6 Kb3 55. Ncb5 Kxb2 56. Nxa7 1-0

[Event "Early-Titled-Tuesday-Blitz-May-07-2024"]
[Site "Chess.com"]
[Date "2024.05.07"]
[Round "10"]
[White "Genghis_K"]
[Black "DominguezOnYoutube"]
[Result "1/2-1/2"]
[WhiteElo "2945"]
[BlackElo "2983"]
[TimeControl "180+1"]
[EndTime "10:01:44 PDT"]
[Termination "Game drawn by agreement"]

1. e4 e5 2. Nf3 Nc6 3. d4 exd4 4.
Nxd4 Nf6 5. Nxc6 bxc6 6. Bd3 d5 7. exd5 cxd5 8. O-O Be7 9. c4 O-O 10. Nc3 Bb7 11. Qb3 Rb8 12. cxd5 Nxd5 13. Rd1 c6 14. Qc2 h6 15. Be4 Bf6 16. Bf4 Rc8 17. Nxd5 cxd5 18. Qb3 Qb6 19. Bxd5 Bxd5 20. Qxb6 axb6 21. Rxd5 Bxb2 22.
Rb1 Rc2 23. Be3 Ra8 24. Rb5 Rxa2 25. Rxb6 Bf6 26. g3 Bg5 27. Bxg5 hxg5 28. Rf1 f6 29. Rb4 Kf7 30. h4 gxh4 31. Rxh4 g5 32. Rd4 Kg6 33.
g4 1/2-1/2

[Event "Early-Titled-Tuesday-Blitz-May-07-2024"]
[Site "Chess.com"]
[Date "2024.05.07"]
[Round "10"]
[White "kleinebeer98"]
[Black "mishanick"]
[Result "1-0"]
[WhiteElo "2969"]
[BlackElo "3037"]
[TimeControl "180+1"]
[EndTime "10:01:49 PDT"]
[Termination "kleinebeer98 won by resignation"]

1. e4 c5 2. Nf3 d6 3. d4 cxd4 4. Nxd4 Nf6 5. Nc3 a6 6. h4 e5 7. Nb3 Be7 8. Be2 b5 9. a4 b4 10. Nd5 Nxd5 11. Qxd5 Ra7 12. Be3 Be6 13. Qa5 Qxa5 14.
Nxa5 Rc7 15. Bd3 d5 16. exd5 Bxd5 17. O-O-O Bxg2 18. Rhg1 Bf3 19. Rde1 O-O 20. Bb6 Rd7 21. Rxe5 g6 22. h5 Bd6 23. Rf5 Ba8 24. hxg6 hxg6 25. Rh5 Re8 26. Bc4 Bf4+ 27. Kb1 Be4 28. Rh4 Bc7 29.
Bxc7 Rxc7 30. Bb3 Kg7 31. Nc4 Bf5 32. Nd6 Re5 33. f4 Rec5 34. Ne8+ Kf8 35. Rh8+ Ke7 36. Nxc7 Rxc7 37. Rxb8 1-0

[Event "Early-Titled-Tuesday-Blitz-May-07-2024"]
[Site "Chess.com"]
[Date "2024.05.07"]
[Round "10"]
[White "VD_coach"]
[Black "HanSchut"]
[Result "1-0"]
[WhiteElo "2595"]
[BlackElo "2383"]
[TimeControl "180+1"]
[EndTime "10:01:49 PDT"]
[Termination "VD_coach won by resignation"]

1. Nf3 Nf6 2. d4 g6 3. c4 Bg7 4. g3 O-O 5. Bg2 d5 6. O-O dxc4 7. Na3 c3 8. bxc3 c5 9. Nc4 cxd4 10. cxd4 Nc6 11.
Bf4 Bg4 12. Nce5 Bxf3 13. Bxf3 Nxd4 14. Bxb7 Rb8 15. Rb1 Nh5 16. e3 Nxf4 17. exf4 Bxe5 18. fxe5 Rxb7 19. Rxb7 Qd5 20. Rb3 Rd8 21. Re3 Qxa2 22. Qb1 Qd5 23. Qe4 Qxe4 24. Rxe4 Nf3+ 25. Kg2 Nd2 26. Rd1 Nxe4 27. Rxd8+ Kg7 28. Rd7 e6 29. Rxa7 Nc5 30. f4 h5 31. Kf3 Nb3 32. Rc7 Nd4+ 33. Ke4 Nf5 34. Ra7 Nh6 35. h3 Nf5 36. g4 hxg4 37. hxg4 Ng3+ 38. Kf3 Nf1 39. Ra2 1-0

[Event "Early-Titled-Tuesday-Blitz-May-07-2024"]
[Site "Chess.com"]
[Date "2024.05.07"]
[Round "10"]
[White "Hikaru"]
[Black "klimkoj"]
[Result "1-0"]
[WhiteElo "3227"]
[BlackElo "2942"]
[TimeControl "180+1"]
[EndTime "10:01:53 PDT"]
[Termination "Hikaru won on time"]

1. a4 a5 2. Ra3 e5 3. Rg3 Nf6 4. d4 e4 5. Bg5 d5 6. c4 Bb4+ 7. Nc3 dxc4 8. e3 Be6 9. Nh3 h6 10. Bxf6 Qxf6 11. Nf4 g5 12. Nh5 Qg6 13. d5 Bf5 14.
Qd4 Rf8 15. Ng7+ Kd8 16. h4 Nd7 17. Nxf5 Qxf5 18. hxg5 hxg5 19. Bxc4 f6 20. Rgh3 Qe5 21. Qd2 Nb6 22. Bb3 Nd7 23. Ke2 Qf5 24. Qd4 Bxc3 25. bxc3 Ne5 26. Bc2 Qg4+ 27. Kf1 Nd3 28. f3 Qf5 29. d6 c5 30. Qc4 Ne5 31. Qxc5 1-0

[Event "Early-Titled-Tuesday-Blitz-May-07-2024"]
[Site "Chess.com"]
[Date "2024.05.07"]
[Round "10"]
[White "Pertinhez76"]
[Black "stepanosinovsky"]
[Result "0-1"]
[WhiteElo "2152"]
[BlackElo "2309"]
[TimeControl "180+1"]
[EndTime "10:01:53 PDT"]
[Termination "stepanosinovsky won by resignation"]

1. d4 Nf6 2. Nf3 g6 3. Nc3 d5 4.
e3 Bg7 5. h4 Bg4 6. Bd3 c5 7.
b3 cxd4 8. exd4 Qa5 9. Bd2 Qb6 10. Na4 Qc7 11. Qe2 Nc6 12. Kf1 Nxd4 13. Qe3 Nxc2 14. Bxc2 Qxc2 15. Rc1 Qe4 16. Rc7 O-O 17. Rxe7 Qb1+ 18.
Qe1 Qxa2 19. Ne5 Qxb3 20. Nxg4 Nxg4 21. Nc5 Qc4+ 22. Qe2 Qxc5 23. h5 Qc4 24. Rxb7 a5 25. h6 Bf6 26. f3 Ne5 27. Rb6 Bh8 28. Kf2 Qxe2+ 29. Kxe2 Nc4 30. Rb5 Nxd2 31. Kxd2 a4 32. Rhb1 a3 33. R1b3 a2 34. Ke2 a1=Q 35. Kf2 Qa2+ 36.
Kg3 Qc2 37. Kh3 Qc1 38. Kg3 Qxh6 39. Rxd5 Bf6 40. Kf2 Qh4+ 41. g3 Qh2+ 42. Ke3 Rfe8+ 43. Kf4 Ra4+ 0-1

[Event "Early-Titled-Tuesday-Blitz-May-07-2024"]
[Site "Chess.com"]
[Date "2024.05.07"]
[Round "10"]
[White "BM223344"]
[Black "LeoLV10"]
[Result "0-1"]
[WhiteElo "2613"]
[BlackElo "2513"]
[TimeControl "180+1"]
[EndTime "10:01:54 PDT"]
[Termination "LeoLV10 won by checkmate"]

1. d4 Nf6 2. c4 e6 3. Nf3 c5 4. d5 exd5 5. cxd5 d6 6. Nc3 g6 7. e4 Bg7 8. Bd3 O-O 9. O-O b5 10.
Bxb5 a6 11. Bd3 Nbd7 12. Bf4 Qe7 13. Re1 Nh5 14. Bg5 Qe8 15. Qd2 Ne5 16. Nxe5 Bxe5 17. Bh6 Ng7 18. f4 Bd4+ 19. Kh1 Qe7 20. Ne2 Bf6 21.
Ng3 Bh4 22. e5 Rd8 23. Bxg7 Kxg7 24. e6 f6 25. Qe3 Bb7 26. Bc4 f5 27. Qc3+ Bf6 28.
Qc2 Rab8 29. Rab1 a5 30. a3 Ba8 31. Ne2 Rb6 32. Ng1 Rdb8 33. b3 Bb7 34. Nf3 h6 35. Qd2 Ra8 36. h3 Ra7 37. g4 Ba6 38. gxf5 Bxc4 39. bxc4 Rab7 40. Rxb6 Rxb6 41. fxg6 Rb3 42.
Re3 Rb1+ 43. Ng1 Bd4 44. Rg3 Qh4 45. Qd3 Re1 46. Qf5 Bf6 47. Kg2 Rxg1+ 48. Kxg1 Qxg3+ 49. Kf1 Qf3+ 50. Ke1 Bc3# 0-1

[Event "Early-Titled-Tuesday-Blitz-May-07-2024"]
[Site "Chess.com"]
[Date "2024.05.07"]
[Round "10"]
[White "JosefineHeinemann"]
[Black "rhwr"]
[Result "0-1"]
[WhiteElo "2490"]
[BlackElo "2305"]
[TimeControl "180+1"]
[EndTime "10:01:57 PDT"]
[Termination "rhwr won by resignation"]

1. e4 c5 2. c3 Nf6 3. e5 Nd5 4. Nf3 d6 5. exd6 Qxd6 6. g3 Bg4 7. Bg2 Qe6+ 8. Kf1 Nc6 9. h3 Bh5 10. g4 Bg6 11. d4 O-O-O 12. Na3 cxd4 13. cxd4 f6 14.
Bd2 Kb8 15. Rc1 Ndb4 16. Bf4+ Ka8 17. Rc3 Nxa2 18. Re3 Qd7 19. Qb3 Nab4 20. Bg3 h5 21. Nb5 Rc8 22. Nd2 hxg4 23. hxg4 Rxh1+ 24. Bxh1 Nxd4 25. Qxb4 Qxb5+ 26. Qxb5 Nxb5 27. Rb3 Rc1+ 28. Kg2 a6 29.
Kh2 e5 30. Bg2 Bc5 31. Ne4 Bd4 32. f4 Bf7 33. fxe5 Bxb3 0-1

[Event "Early-Titled-Tuesday-Blitz-May-07-2024"]
[Site "Chess.com"]
[Date "2024.05.07"]
[Round "10"]
[White "Antosha_Chekhonte"]
[Black "Kushch_Nikolai"]
[Result "1-0"]
[WhiteElo "2578"]
[BlackElo "2426"]
[TimeControl "180+1"]
[EndTime "10:01:58 PDT"]
[Termination "Antosha_Chekhonte won by resignation"]

1. e4 c5 2. Nf3 e6 3. g3 Nc6 4. Bg2 Be7 5. O-O Nf6 6. d3 d5 7.
e5 Nd7 8. Qe2 Qc7 9. Bf4 b6 10.
c4 d4 11. h4 Bb7 12. Nbd2 h6 13. Rfe1 O-O-O 14. a3 Rdg8 15. h5 g5 16. hxg6 Rxg6 17.
b4 Kb8 18. b5 Na5 19. Ne4 h5 20. Nd6 f5 21. Nxf5 exf5 22. e6 Bd6 23. exd7 Rd8 24. Qe8 Bxf4 25. Qxg6 Bd6 26. Re8 Qxd7 27. Rxd8+ Qxd8 28. Re1 Be7 29. Qf7 1-0

[Event "Early-Titled-Tuesday-Blitz-May-07-2024"]
[Site "Chess.com"]
[Date "2024.05.07"]
[Round "10"]
[White "Lucky_Puncher"]
[Black "IM_ArthurDW08"]
[Result "1/2-1/2"]
[WhiteElo "2556"]
[BlackElo "2717"]
[TimeControl "180+1"]
[EndTime "10:01:59 PDT"]
[Termination "Game drawn by repetition"]

1. d4 Nf6 2. c4 g6 3. Nc3 Bg7 4. e4 O-O 5. h3 d6 6. Be3 Na6 7. Nf3 e5 8. d5 Nc5 9. Nd2 a5 10. Be2 c6 11. O-O a4 12. b4 axb3 13. axb3 Rxa1 14.
Qxa1 Nh5 15. Bxh5 gxh5 16. b4 Nd3 17. c5 Nf4 18. cxd6 cxd5 19. Nxd5 Nxd5 20. exd5 Qxd6 21. Bc5 Qg6 22. Bxf8 Bxh3 23. g3 Bxf8 24. Qxe5 Bxf1 25. Nxf1 Bd6 26. Qd4 Qg4 27. Qxg4+ hxg4 28. b5 Bc5 29.
Kg2 f5 30. f3 Kf7 31. Nd2 Bb4 32. Nc4 Kf6 33. f4 h5 34. Ne5 Bc3 35. Nc4 Bd4 36. Nd6 b6 37. Nc4 Bc5 38. Ne5 Ke7 39. Nc4 Kd7 40. Kh2 Ke7 41. Kg2 Kd7 42. Kh2 Ke7 43.
Kg2 1/2-1/2

[Event "Early-Titled-Tuesday-Blitz-May-07-2024"]
[Site "Chess.com"]
[Date "2024.05.07"]
[Round "10"]
[White "luggevoila"]
[Black "martinmena"]
[Result "0-1"]
[WhiteElo "2304"]
[BlackElo "2140"]
[TimeControl "180+1"]
[EndTime "10:02:00 PDT"]
[Termination "martinmena won by resignation"]

1. c4 c5 2. Nc3 Nf6 3. g3 d5 4. cxd5 Nxd5 5. Bg2 Nc7 6. Nf3 Nc6 7. O-O e5 8. d3 Be7 9. Rb1 O-O 10. a3 Be6 11. b4 cxb4 12. axb4 Bxb4 13. Bd2 f6 14. Ne4 Bxd2 15.
Nfxd2 Rb8 16. Nc5 Bd5 17. Nxb7 Qe7 18. Qa4 Nd4 19. e3 Ne2+ 20. Kh1 Nc3 21. Qa5 Bxg2+ 22.
Kxg2 Nxb1 23. Rxb1 Ne6 24. Qd5 Kh8 25. Nc4 Nc5 26.
Nxc5 Rxb1 27. Nd6 Rb6 28. Nc4 Rb5 29. Nd6 Rxc5 30. Qxc5 Rd8 31. Ne4 Qxc5 32. Nxc5 Rd5 0-1

[Event "Early-Titled-Tuesday-Blitz-May-07-2024"]
[Site "Chess.com"]
[Date "2024.05.07"]
[Round "10"]
[White "Caterpiller35"]
[Black "Heinza9"]
[Result "0-1"]
[WhiteElo "2471"]
[BlackElo "2354"]
[TimeControl "180+1"]
[EndTime "10:02:01 PDT"]
[Termination "Heinza9 won on time"]

1. e4 e5 2. Nc3 Nf6 3. f4 d5 4. fxe5 Nxe4 5. Qf3 Nc6 6. Bb5 Nxc3 7. dxc3 Be7 8. Bf4 O-O 9. O-O-O Be6 10. Ne2 f6 11. exf6 Bxf6 12. Bxc6 bxc6 13. Nd4 Bd7 14. Qd3 c5 15.
Nf3 c6 16. Bg3 Bg4 17. c4 Qb6 18. c3 Rad8 19. h4 d4 20. cxd4 cxd4 21. Qb3 Qxb3 22.
axb3 c5 23. h5 h6 24. Rhf1 d3 25. Kb1 Bxh5 26. Rd2 Bg5 27. Rdd1 d2 28. Rh1 Bg6+ 29. Ka2 Bc2 30. Bc7 Rd7 31. Nxg5 hxg5 32. Rxd2 Rxd2 33.
Be5 Rf5 34. Bc3 Rxg2 0-1

[Event "Early-Titled-Tuesday-Blitz-May-07-2024"]
[Site "Chess.com"]
[Date "2024.05.07"]
[Round "10"]
[White "Naruto75_3"]
[Black "ChelsieMonica"]
[Result "1-0"]
[WhiteElo "2427"]
[BlackElo "2516"]
[TimeControl "180+1"]
[EndTime "10:02:02 PDT"]
[Termination "Naruto75_3 won by resignation"]

1. d4 c6 2. c4 g6 3. Nc3 Bg7 4. Nf3 d6 5. Bf4 a6 6. e3 b5 7. Be2 b4 8. Ne4 Nf6 9. Ned2 O-O 10. O-O a5 11. e4 a4 12. Qc2 Bg4 13. Rfd1 Qa5 14.
h3 Bxf3 15. Bxf3 e5 16. dxe5 dxe5 17. Be3 Rd8 18. Nf1 Nbd7 19. Rd6 Bf8 20. Rxc6 Rac8 21. Rxc8 Rxc8 22. Rd1 Nc5 23. b3 axb3 24. axb3 Qa3 25. Rb1 Ra8 26. Ng3 Qa2 27. Rb2 Qa1+ 28. Kh2 Ne6 29.
Ne2 h6 30. Rb1 Qa2 31. Qc1 g5 32. Rb2 Qa3 33. Qb1 Bc5 34. Nc1 Qa7 35. Ra2 Qb7 36.
Rxa8+ Qxa8 37. Nd3 Qa7 38. Nxc5 Nxc5 39. Qe1 Qb6 40. Qa1 Nfd7 41. Bg4 Qd6 42. Qa8+ Kg7 43. Bxd7 Nxd7 44. Qd8 Qc6 45. Qe7 Kg6 46. h4 f6 47. h5+ Kxh5 48. Qf7+ 1-0

[Event "Early-Titled-Tuesday-Blitz-May-07-2024"]
[Site "Chess.com"]
[Date "2024.05.07"]
[Round "10"]
[White "H3nriqueTV"]
[Black "Chesmc"]
[Result "0-1"]
[WhiteElo "2413"]
[BlackElo "2176"]
[TimeControl "180+1"]
[EndTime "10:02:02 PDT"]
[Termination "Chesmc won by resignation"]

1. e4 Nf6 2. e5 Nd5 3. d4 d6 4. Nf3 Bg4 5. Bc4 e6 6. h3 Bh5 7.
O-O Be7 8. Nbd2 O-O 9. Ne4 Nc6 10. c3 dxe5 11. Ng3 Bxf3 12. Qxf3 exd4 13. cxd4 Nxd4 14. Qg4 Nf6 15. Qh4 c5 16. Bg5 a6 17. Nh5 Nf5 18.
Nxf6+ Bxf6 19. Bxf6 Nxh4 20. Bxd8 Raxd8 21. Rfd1 Nf5 22. Rac1 b5 23. Bf1 c4 24. a4 Nd4 25. axb5 axb5 26. Ra1 Nb3 27. Rab1 Nd2 28. Ra1 Nxf1 29. Rxf1 Rd2 30. Rfb1 Rc8 31. Ra5 b4 32. Rc1 h6 33.
b3 c3 34. Rb5 c2 0-1

[Event "Early-Titled-Tuesday-Blitz-May-07-2024"]
[Site "Chess.com"]
[Date "2024.05.07"]
[Round "10"]
[White "bancsoo"]
[Black "RebelJohnny"]
[Result "1-0"]
[WhiteElo "2859"]
[BlackElo "2577"]
[TimeControl "180+1"]
[EndTime "10:02:03 PDT"]
[Termination "bancsoo won by resignation"]

1. Nf3 d5 2. g3 Bg4 3. Bg2 Nd7 4. h3 Bh5 5. O-O c6 6. d4 Ngf6 7. c4 e6 8. cxd5 exd5 9. Ne5 Nxe5 10. dxe5 Nd7 11. f4 f5 12. Qc2 Bg6 13. Nd2 Be7 14. Nf3 O-O 15. Be3 Qa5 16. Kh2 Bc5 17. Nd4 Bxd4 18.
Bxd4 Rae8 19. e3 Rf7 20. b4 Qc7 21. Bxd5 Kh8 22. Bxf7 Bxf7 23. Qxf5 Bg6 24. Qg5 Be4 25. e6 Nf8 26. Qe5 Qxe5 27. Bxe5 Nxe6 28. Rfd1 Bd5 29. e4 Bxe4 30. Rd7 Kg8 31. g4 g6 32. Rad1 Bd5 33.
Rxb7 Rf8 34. b5 Nxf4 35. Rg7+ 1-0